 Dungeon Crawl Stone Soup version 0.30-a0-778-g2ef04afb54 (webtiles) character file.

Game seed: 5127097718467972718

389 Newt the Chopper (level 6, 0/48 HPs)
             Began as a Demonspawn Gladiator on Feb 16, 2023.
             Slain by a gnoll
             ... wielding a +0 flail
              (6 damage)
             ... on level 4 of the Dungeon.
             The game lasted 00:02:44 (3384 turns).

Newt the Chopper (Demonspawn Gladiator)             Turns: 3384, Time: 00:02:45

Health: 0/48       AC:  4    Str: 16    XL:     6   Next: 50%
Magic:  6/6        EV: 18    Int:  8    God:
Gold:   142        SH:  0    Dex: 18    Spells: 2/5 levels left

rFire   . . .      SeeInvis .    k - +3 war axe
rCold   . . .      Faith    .    (no shield)
rNeg    . . .      Spirit   .    b - +0 leather armour
rPois   .          Reflect  .    c - +0 helmet
rElec   .          Harm     .    (no cloak)
rCorr   .          Rampage  .    (no gloves)
Will    .....                    (no boots)
Stlth   ++                       (no amulet)
HPRegen 0.28/turn                g - ring of wizardry
MPRegen 0.10/turn                (no ring)

@: mighty, agile
A: foul stench 1, powered by pain 1, weakness stinger 1, demonic touch 1, agile
1, sturdy frame 1
a: no special abilities


You were on level 4 of the Dungeon.
You visited 1 branch of the dungeon, and saw 4 of its levels.

You collected 142 gold pieces.

Inventory:

Hand Weapons
 a - a +0 rapier
 j - a +1 spear of freezing
 k - a +3 war axe (weapon)
Missiles
 d - 3 throwing nets (quivered)
 e - a javelin
 f - 3 atropa-tipped darts
 l - 6 poisoned darts
Armour
 b - a +0 leather armour (worn)
 c - a +0 helmet (worn)
Jewellery
 g - a ring of wizardry (left hand)
 p - a ring of wizardry
 u - a +4 ring of protection
Scrolls
 i - 3 scrolls of teleportation
 n - 2 scrolls of magic mapping
 q - 2 scrolls of immolation
 r - a scroll of torment
 v - 2 scrolls of blinking
Potions
 h - a potion of magic
 m - a potion of invisibility
 o - 2 potions of mutation
 t - 2 potions of curing
 w - a potion of heal wounds


   Skills:
 - Level 4.0 Fighting
 - Level 2.6 Short Blades
 + Level 4.8 Axes
 - Level 1.7 Throwing
 - Level 2.6 Dodging
 - Level 1.5 Stealth


You had 2 spell levels left.
You knew the following spells:

 Your Spells              Type           Power      Damage    Failure   Level
a - Frozen Ramparts       Ice            0%         1d1       45%         3

Your spell library contained the following spells:

 Spells                   Type           Power      Damage    Failure   Level
 Freeze                   Ice            0%         1d3       17%         1
 Kiss of Death            Conj/Necr      0%         2d5       17%         1
 Cigotuvi's Dreadful Rot  Necr/Pois/Air  0%         N/A       26%         2
 Confusing Touch          Hex            0%         N/A       45%         3
 Hailstorm                Conj/Ice       0%         3d3       45%         3
 Dispel Undead            Necr           0%         3d6       85%         4
 Death Channel            Necr           0%         N/A       100%        6


Dungeon Overview and Level Annotations

Branches:
Dungeon (4/15)             Temple (0/1) D:4

Altars:
Kikubaaqudgha
Qazlal
Yredelemnul

Shops:
D:1 !   D:2 [   D:3 =


Innate Abilities, Weirdness & Mutations

You may rarely emit foul miasma when damaged in melee.
You sometimes gain a little power by taking damage.
You have a small tail.
Your touch may inflict minor irresistible damage on your foes.
You are agile. (Dex +4, Str/Int -1)
Your movements are slightly less encumbered by armour. (ER -2)


Message History

The gnoll is engulfed in dark miasma.
The gnoll looks even sicker.
The gnoll seems to slow down.
The gnoll barely misses you.
You hit the gnoll.
You kill the gnoll!
You closely miss the gnoll. The gnoll hits you with a +0 club.
The gnoll hits you but does no damage.
You slash the gnoll!
The gnoll is almost dead.
The gnoll completely misses you.
You barely miss the gnoll. Your touch misses the gnoll.
The gnoll is almost dead.
The gnoll hits you with a +0 club.
You barely miss the gnoll.
The gnoll is almost dead.
The gnoll closely misses you.
You hit the gnoll.
You kill the gnoll!
You slash the gnoll! The gnoll barely misses you.
The gnoll hits you with a +0 flail!
You focus on the pain.
You feel agile all of a sudden. The gnoll hits you with a +0 whip.
You are too injured to fight recklessly!
You are too injured to fight recklessly!
You are too injured to fight recklessly!
You are too injured to fight recklessly!
Unknown command.
You hit the gnoll.
You touch the gnoll!
The gnoll is severely wounded.
You closely miss the gnoll. The gnoll hits you with a +0 flail!
* * * LOW HITPOINT WARNING * * *
You focus on the pain.
You feel very mighty all of a sudden. The gnoll barely misses you.
Unknown command.
You barely miss the gnoll.
Your tail-slap misses the gnoll.
The gnoll is heavily wounded.
You slash the gnoll!
You kill the gnoll!
The gnoll hits you with a +0 flail.
You die...

*,,,,,,,,,*******,,,***,,* *,,,
*,,,,,,,,,*,..,,*,,,***,,* *,,,
*,,,,,,,,,**#.***,,,,,*,,****,,,
**,,,,,,,,,,#.*,,,**,,#,,*,,,,,,
**,,,*,**,,#.#,,,##,.#,,*,**,,,
*,..#,**,,,..,*,.#...,,,,*,,,,
**.....,,**#.##......,,,**,,,,
****.....*** #)g#....#,,,,,,,**,
*,,......* *#@..#,,,,,,,,,,**,
**,*#.....######..##,,,,,,,,,,,*,
,,,*#...#.>#[.....#*,,,,,,,,,,,,,
,***#...##...####......,,,,,,,,,,
,***.........# *###...,,,,,,,,,*
,,,,......#.######.....[,,,,,,,,*
**,*.#.............#*,..,,,,,,,,*
*,,,...............#*,,.,,,,,,,,*
,,~~≈≈≈≈≈≈≈........##,,,,,,,,,,,*


You could see a gnoll.

Vanquished Creatures
  Sigmund (D:2)
  A black bear (D:4)
  A hound (D:3)
  4 gnolls
  2 adders (D:3)
  A worm (D:2)
  A dart slug (D:3)
  4 endoplasms
  A giant cockroach (D:2)
  6 goblins
  9 hobgoblins
  4 jackals
  A quokka (D:2)
  3 ball pythons
  4 bats
  2 frilled lizards (D:3)
  3 kobolds
  3 rats
51 creatures vanquished.

Notes
Turn   | Place    | Note
-------+----------+-------------------------------------------
     0 | D:1      | Newt the Demonspawn Gladiator began the quest for the Orb.
     0 | D:1      | Reached XP level 1. HP: 16/16 MP: 1/1
    67 | D:1      | Reached skill level 1 in Stealth
   398 | D:1      | Found Lugur's Distillery.
   762 | D:1      | Discovered your monstrous ancestry.
   762 | D:1      | Gained mutation: Your touch may inflict minor irresistible
                  | damage on your foes. [demonic ancestry]
   762 | D:1      | Reached XP level 2. HP: 22/22 MP: 2/2
  1524 | D:2      | Gained mutation: You have a small tail. [demonic ancestry]
  1524 | D:2      | Reached XP level 3. HP: 29/29 MP: 3/3
  1804 | D:2      | Noticed Sigmund
  1813 | D:2      | Killed Sigmund
  1814 | D:2      | Gained mutation: You may rarely emit foul miasma when
                  | damaged in melee. [demonic ancestry]
  1814 | D:2      | Reached XP level 4. HP: 12/37 MP: 4/4
  1814 | D:2      | Gained mutation: You sometimes gain a little power by
                  | taking damage. [demonic ancestry]
  1814 | D:2      | Reached XP level 5. HP: 13/42 MP: 5/5
  2032 | D:2      | Found Cady's Antique Armour Emporium.
  2636 | D:3      | Found The Oracle's Delphic Readings.
  2734 | D:3      | Found Imoasyj's Jewellery Emporium.
  2838 | D:3      | Gained mutation: Your movements are slightly less
                  | encumbered by armour. (ER -2) [potion of mutation]
  2838 | D:3      | Gained mutation: You are agile. (Dex +4, Str/Int -1)
                  | [potion of mutation]
  2881 | D:3      | Reached XP level 6. HP: 48/48 MP: 6/6
  2886 | D:3      | Learned a level 3 spell: Frozen Ramparts
  2946 | D:3      | Found an ancient bone altar of Kikubaaqudgha.
  3014 | D:3      | Found a basalt altar of Yredelemnul.
  3282 | D:4      | Found a stormy altar of Qazlal.
  3384 | D:4      | Slain by a gnoll

Illustrated notes

Levels and vault maps discovered:
D:1:      minmay_arrival_plants_in_alcoves, layout_loops_corners, serial_shops,
          nicolae_shop_behind_doors, serial_forest, infiniplex_forest_end_3,
          infiniplex_forest_lined_2, infiniplex_forest_zigzag_1,
          infiniplex_forest_corner_1, infiniplex_forest_clump_medium,
          infiniplex_forest_straight_5, infiniplex_forest_straight_2
D:2:      layout_basic, serial_shops, nicolae_shop_advertising_works
          [nicolae_subvault_shop_adworks], minmay_misc_feat_rugged,
          minmay_misc_feat_hallway, grunt_ministairs_10,
          wad_floor_pattern_untrapped, st_stairs_13,
          nicolae_concentric_dashed_squares_mild, uniq_sigmund
D:3:      layout_basic, lemuel_round_altar, mainiacjoe_overflow_surrounded_room,
          serial_shops, nicolae_shop_hallway_plus, nicolae_nh_oracle_at_delphi
D:4:      layout_rooms, mainiacjoe_overflow_brackets, minmay_temple_entry_fiery,
          grunt_decor_cap

Skill      XL: |  1  2  3  4  5  6 |
---------------+-------------------+-----
Stealth        | 1 |  1.5
Fighting       | 3 4 |  4.0
Axes           | 3 4 |  4.8
Short Blades   | |  2.6
Throwing       | |  1.7
Dodging        | |  2.6

Action                     |  1- 3 |  4- 6 || total
---------------------------+-------+-------++-------
  Melee: Rapier            |    41 |       ||    41
         Spear             |     5 |       ||     5
         War axe           |    15 |    53 ||    68
         Touch             |     4 |     8 ||    12
         Tailslap          |     1 |     2 ||     3
         Punch             |       |     1 ||     1
  Throw: Throwing net      |     3 |       ||     3
    Use: Scroll            |     2 |     7 ||     9
         Potion            |       |     2 ||     2
   Stab: Sleeping          |     1 |     3 ||     4
 Armour: Leather armour    |    20 |    12 ||    32
  Dodge: Dodged            |    51 |    31 ||    82

Table legend: (Time is in decaauts)
 A = Elapsed time spent in this place.
 B = Non-inter-level travel time spent in this place.
 C = Inter-level travel time spent in this place.
 D = Time resting spent in this place.
 E = Time spent auto-exploring this place.
 F = Levels seen in this place.
 G = Mean time per level.
                   A        B        C        D        E       F      G
               +--------+--------+--------+--------+--------+-----+--------+
         Total |   3408 |   3217 |    191 |    430 |   2410 |   4 |  852.0 |
       Dungeon |   3408 |   3217 |    191 |    430 |   2410 |   4 |  852.0 |
               +--------+--------+--------+--------+--------+-----+--------+

Top non-repeatable levels by time:
     D:1: 1359 daAuts
     D:3: 980 daAuts
     D:2: 962 daAuts
     D:4: 106 daAuts
